IL
SCRANTON WB RAILRIDERS @ COLUMBUS CLIPPERS
09/01/2048
 
TOP OF THE 1ST
Scranton WB RailRiders batting - Pitching for Columbus Clippers : LHP Heath Ryland
Pitching: LHP Heath Ryland
Batting: RHB Devon Utley 0-0: Ball
1-0: Called Strike
1-1: Foul Ball, location: 2F
1-2: Ball
2-2: Ground out 5-3 (Groundball, 25, EV 85.6 MPH)
Batting: RHB Andy Wasierski 0-0: Called Strike
0-1: Ball
1-1: Ball
2-1: Ball
3-1: Base on Balls
Batting: SHB Mukhtar Wa'il 0-0: Ball
1-0: Swinging Strike
1-1: Ball
Andy Wasierski is caught stealing 2nd base 2-4
2-1: Ball
3-1: Called Strike
3-2: Base on Balls
Batting: SHB Ryan Buchbinder 0-0: Swinging Strike
0-1: Foul Ball, location: 2F
0-2: Ball
1-2: Ball
2-2: Strikes out swinging, 2-3 out at first.
Top of the 1st over - 0 runs, 0 hits, 0 errors, 1 left on base; Scranton WB 0 - Columbus 0
BOTTOM OF THE 1ST
Columbus Clippers batting - Pitching for Scranton WB RailRiders : RHP Jason Sterner
Pitching: RHP Jason Sterner
Batting: SHB Scott Scott 0-0: Ball
1-0: Ball
2-0: Ball
3-0: Base on Balls
Batting: LHB Justin Barker 0-0: DOUBLE (Flyball, 78D, EV 88.8 MPH)
Scott Scott to third
Batting: LHB Jesus Lozano 0-0: Ball
1-0: Ball
2-0: Foul Ball, location: 2F
2-1: Fly out, F8 (Flyball, 8LS, EV 96.2 MPH)
Batting: RHB Eddie LaRose 0-0: Ball
1-0: Foul Ball, location: 2F
1-1: Ball
2-1: Ground out 4-3 (Groundball, 4, EV 78.1 MPH)
Scott Scott scores
Justin Barker to third
Batting: LHB Jim Keefe 0-0: Foul Ball, location: 2F
0-1: Foul Ball, location: 2F
0-2: Foul Ball, location: 2F
0-2: Fly out, F7 (Flyball, 7S, EV 86.2 MPH)
Bottom of the 1st over - 1 run, 1 hit, 0 errors, 1 left on base; Scranton WB 0 - Columbus 1
TOP OF THE 2ND
Scranton WB RailRiders batting - Pitching for Columbus Clippers : LHP Heath Ryland
Batting: LHB Aaron Joyner 0-0: Fly out, F5 (Popup, 56, EV 66.9 MPH)
Batting: RHB Josh Zoglmann 0-0: Called Strike
0-1: Swinging Strike
0-2: Strikes out swinging
Batting: RHB Alfredo Rodriguez 0-0: Called Strike
0-1: Swinging Strike
0-2: Ball
1-2: Strikes out swinging
Top of the 2nd over - 0 runs, 0 hits, 0 errors, 0 left on base; Scranton WB 0 - Columbus 1
BOTTOM OF THE 2ND
Columbus Clippers batting - Pitching for Scranton WB RailRiders : RHP Jason Sterner
Batting: RHB Stephen Charbonneau 0-0: Called Strike
0-1: Swinging Strike
0-2: Ball
1-2: Foul Ball, location: 2F
1-2: Strikes out looking
Batting: LHB Corey Trevor 0-0: Ball
1-0: Called Strike
1-1: Ball
2-1: Called Strike
2-2: Ground out 1-3 (Groundball, 15S, EV 71.2 MPH)
Batting: RHB Solange Le Coq 0-0: SINGLE (Line Drive, 89M, EV 111.9 MPH)
Batting: LHB Stu Sornson 0-0: Called Strike
0-1: Ball
1-1: Called Strike
Solange Le Coq steals 2nd base
1-2: Ball
2-2: Foul Ball, location: 2F
2-2: Ground out 4-3 (Groundball, 4, EV 83.1 MPH)
Bottom of the 2nd over - 0 runs, 1 hit, 0 errors, 1 left on base; Scranton WB 0 - Columbus 1
TOP OF THE 3RD
Scranton WB RailRiders batting - Pitching for Columbus Clippers : LHP Heath Ryland
Batting: RHB Mike Plugge 0-0: Fly out, F8 (Flyball, 8RM, EV 73.1 MPH)
Batting: SHB Joe Fure 0-0: Ball
1-0: Ground out 6-3 (Groundball, 4MS, EV 85.0 MPH)
Batting: RHB Devon Utley 0-0: Ball
1-0: Foul Ball, location: 2F
1-1: Swinging Strike
1-2: Ball
2-2: Ball
3-2: Strikes out looking
Top of the 3rd over - 0 runs, 0 hits, 0 errors, 0 left on base; Scranton WB 0 - Columbus 1
BOTTOM OF THE 3RD
Columbus Clippers batting - Pitching for Scranton WB RailRiders : RHP Jason Sterner
Batting: SHB Scott Scott 0-0: Foul Ball, location: 2F
0-1: Ball
1-1: Ground out 5-3 (Groundball, 56S, EV 85.0 MPH)
Batting: LHB Justin Barker 0-0: Ball
1-0: Called Strike
1-1: Ball
2-1: Fly out, F8 (Line Drive, 8RM, EV 92.5 MPH)
Batting: LHB Jesus Lozano 0-0: Foul Ball, location: 2F
0-1: Ball
1-1: Called Strike
1-2: Ground out 6-3 (Groundball, 56, EV 77.5 MPH)
Bottom of the 3rd over - 0 runs, 0 hits, 0 errors, 0 left on base; Scranton WB 0 - Columbus 1
TOP OF THE 4TH
Scranton WB RailRiders batting - Pitching for Columbus Clippers : LHP Heath Ryland
Batting: RHB Andy Wasierski 0-0: Ball
1-0: Ball
2-0: Ball
3-0: Base on Balls
Batting: SHB Mukhtar Wa'il 0-0: Called Strike
0-1: Ball
1-1: Ball
2-1: Foul Ball, location: 2F
2-2: Ball
3-2: Base on Balls
Andy Wasierski to second
Batting: SHB Ryan Buchbinder 0-0: Foul Ball, location: 2F
0-1: Ball
1-1: Ball
Wild Pitch!
Andy Wasierski to third
Mukhtar Wa'il to second
2-1: Called Strike
2-2: Ground out 6-3 (Groundball, 6, EV 83.8 MPH)
Andy Wasierski scores
Batting: LHB Aaron Joyner 0-0: Ball
1-0: Foul Ball, location: 2F
1-1: Called Strike
1-2: Ball
2-2: Strikes out swinging
Batting: RHB Josh Zoglmann 0-0: Ball
1-0: Called Strike
1-1: Swinging Strike
1-2: Foul Ball, location: 2F
1-2: Ball
2-2: Foul Ball, location: 2F
2-2: Strikes out swinging
Top of the 4th over - 1 run, 0 hits, 0 errors, 1 left on base; Scranton WB 1 - Columbus 1
BOTTOM OF THE 4TH
Columbus Clippers batting - Pitching for Scranton WB RailRiders : RHP Jason Sterner
Batting: RHB Eddie LaRose 0-0: Called Strike
0-1: Swinging Strike
0-2: Strikes out swinging
Batting: LHB Jim Keefe 0-0: Foul Ball, location: 2F
0-1: Ball
1-1: Ball
2-1: Ball
3-1: Foul Ball, location: 2F
3-2: Base on Balls
Batting: RHB Stephen Charbonneau 0-0: Ball
1-0: Ball
2-0: Foul Ball, location: 2F
2-1: Foul Ball, location: 2F
2-2: Foul Ball, location: 2F
2-2: Fly out, F7 (Flyball, 78S, EV 80.0 MPH)
Batting: LHB Corey Trevor 0-0: Ball
1-0: Called Strike
1-1: Fly out, F9 (Flyball, 9S, EV 78.8 MPH)
Bottom of the 4th over - 0 runs, 0 hits, 0 errors, 1 left on base; Scranton WB 1 - Columbus 1
TOP OF THE 5TH
Scranton WB RailRiders batting - Pitching for Columbus Clippers : LHP Heath Ryland
Batting: RHB Alfredo Rodriguez 0-0: Called Strike
0-1: Foul Ball, location: 2F
0-2: Foul Ball, location: 2F
0-2: Ground out 5-3 (Groundball, 56, EV 81.2 MPH)
Batting: RHB Mike Plugge 0-0: Called Strike
0-1: Foul Ball, location: 2F
0-2: SINGLE (Groundball, 5D, EV 96.2 MPH)
Batting: SHB Joe Fure 0-0: Ball
1-0: Foul Ball, location: 2F
1-1: Fly out, F8 (Flyball, 89D, EV 90.6 MPH)
Batting: RHB Devon Utley 0-0: Ground out 4-3 (Groundball, 4, EV 86.9 MPH)
Top of the 5th over - 0 runs, 1 hit, 0 errors, 1 left on base; Scranton WB 1 - Columbus 1
BOTTOM OF THE 5TH
Columbus Clippers batting - Pitching for Scranton WB RailRiders : RHP Jason Sterner
Batting: RHB Solange Le Coq 0-0: Bunt for hit to 23 - play at first, batter safe!
Batting: LHB Stu Sornson 0-0: Ball
1-0: SINGLE (Groundball, 34, EV 104.4 MPH)
Solange Le Coq to second
Runner from 2nd tries for 3rd, SAFE, throw by RF made to third
Batting: SHB Scott Scott 0-0: Ball
1-0: Ball
2-0: Foul Ball, location: 2F
2-1: SINGLE (Groundball, 56, EV 100.0 MPH)
Solange Le Coq scores
Stu Sornson to second
Batting: LHB Justin Barker 0-0: Fly out, F9 (Line Drive, 89M, EV 90.0 MPH)
Batting: LHB Jesus Lozano 0-0: Ball
1-0: Called Strike
1-1: Foul Ball, location: 2F
1-2: Ball
2-2: Foul Ball, location: 2F
2-2: Ball
3-2: Fielders Choice at 2nd, 2-4 (Groundball, 2L, EV 70.6 MPH)
Stu Sornson to third
Batting: RHB Eddie LaRose 0-0: Called Strike
0-1: Fly out, F9 (Flyball, 9D, EV 79.4 MPH)
Bottom of the 5th over - 1 run, 3 hits, 0 errors, 2 left on base; Scranton WB 1 - Columbus 2
TOP OF THE 6TH
Scranton WB RailRiders batting - Pitching for Columbus Clippers : LHP Heath Ryland
Batting: RHB Andy Wasierski 0-0: Ball
1-0: Ball
2-0: Fly out, F8 (Flyball, 89D, EV 85.0 MPH)
Batting: SHB Mukhtar Wa'il 0-0: Hit by Pitch
Batting: SHB Ryan Buchbinder 0-0: Swinging Strike
0-1: Ball
1-1: SINGLE (Groundball, 5S, EV 68.1 MPH) (infield hit)
Mukhtar Wa'il to second
Batting: LHB Aaron Joyner 0-0: SINGLE (Line Drive, 78S, EV 95.6 MPH)
Mukhtar Wa'il to third
Ryan Buchbinder to second
Batting: RHB Josh Zoglmann 0-0: Ball
1-0: Ball
2-0: Ball
3-0: Base on Balls
Mukhtar Wa'il scores
Ryan Buchbinder to third
Aaron Joyner to second
Batting: RHB Alfredo Rodriguez 0-0: Ball
1-0: Swinging Strike
1-1: Foul Ball, location: 2F
1-2: Fly out, F9 (Flyball, 9LS, EV 73.1 MPH)
Pitching: RHP Kensaku Shiba
Pinch Hitting: LHB Jose Lebron 0-0: Fly out, F8 (Flyball, 8LD, EV 91.2 MPH)
Top of the 6th over - 1 run, 2 hits, 0 errors, 3 left on base; Scranton WB 2 - Columbus 2
BOTTOM OF THE 6TH
Columbus Clippers batting - Pitching for Scranton WB RailRiders : RHP Jason Sterner
Now at 3B: Ryan Buchbinder
Now in RF: Jose Lebron
Batting: LHB Jim Keefe 0-0: Foul Ball, location: 2F
0-1: Ball
1-1: Ground out 4-3 (Groundball, 4, EV 80.6 MPH)
Batting: RHB Stephen Charbonneau 0-0: Called Strike
0-1: Ball
1-1: Foul Ball, location: 2F
1-2: Ball
2-2: Ball
3-2: Base on Balls
Batting: LHB Corey Trevor 0-0: Ball
1-0: Foul Ball, location: 2F
1-1: Fielders Choice at 2nd, 1-6 (Groundball, 13S, EV 68.8 MPH)
Batting: RHB Solange Le Coq 0-0: Ball
1-0: Ball
Corey Trevor is caught stealing 2nd base 2-4
Bottom of the 6th over - 0 runs, 0 hits, 0 errors, 0 left on base; Scranton WB 2 - Columbus 2
TOP OF THE 7TH
Scranton WB RailRiders batting - Pitching for Columbus Clippers : RHP Kensaku Shiba
Batting: SHB Joe Fure 0-0: Called Strike
0-1: Ball
1-1: Ball
2-1: Foul Ball, location: 2F
2-2: Ball
3-2: Base on Balls
Batting: RHB Devon Utley 0-0: Ball
1-0: Swinging Strike
1-1: Swinging Strike
1-2: Ball
2-2: Strikes out swinging
Pinch Hitting: LHB Paul Diaz 0-0: Ball
1-0: Called Strike
1-1: Ball
2-1: SINGLE (Groundball, 6MD, EV 103.1 MPH)
Joe Fure to second
Batting: SHB Mukhtar Wa'il 0-0: Called Strike
0-1: Ball
1-1: Foul Ball, location: 2F
1-2: Ball
2-2: Strikes out swinging
Batting: SHB Ryan Buchbinder 0-0: Called Strike
0-1: Ball
1-1: Ball
2-1: Foul Ball, location: 2F
2-2: Ball
3-2: Foul Ball, location: 2F
3-2: SINGLE (Groundball, 34D, EV 106.2 MPH)
Joe Fure to third
Paul Diaz to second
Joe Fure scores
Paul Diaz to third
Batting: LHB Aaron Joyner 0-0: Called Strike
0-1: Ball
1-1: Swinging Strike
1-2: Strikes out looking
Top of the 7th over - 1 run, 2 hits, 0 errors, 2 left on base; Scranton WB 3 - Columbus 2
BOTTOM OF THE 7TH
Columbus Clippers batting - Pitching for Scranton WB RailRiders : RHP Jason Sterner
Now at 2B: Paul Diaz
Pinch Hitting: LHB Robert Watson 0-0: Ball
1-0: Ball
2-0: Foul Ball, location: 2F
2-1: Ball
3-1: Base on Balls
Pitching: LHP Ramon Escobedo
Pinch Hitting: RHB Chang-wei Jiang 0-0: Ball
1-0: Called Strike
Robert Watson steals 2nd base
1-1: Foul Ball, location: 2F
1-2: Ground out U3 (Groundball, 34, EV 86.2 MPH)
Robert Watson to third
Batting: SHB Scott Scott 0-0: SINGLE (Line Drive, 34, EV 108.8 MPH)
Robert Watson scores
Pinch Hitting: RHB Jason Sher 0-0: Called Strike
Scott Scott is caught stealing 2nd base 2-4
0-1: Called Strike
0-2: Ground out 3-1 (Groundball, 13, EV 86.9 MPH)
Bottom of the 7th over - 1 run, 1 hit, 0 errors, 0 left on base; Scranton WB 3 - Columbus 3
TOP OF THE 8TH
Scranton WB RailRiders batting - Pitching for Columbus Clippers : RHP Kensaku Shiba
Now at 3B: Jason Sher
Now in CF: Robert Watson
Now in RF: Tyler Babbitt
Batting: RHB Josh Zoglmann 0-0: Ball
1-0: Swinging Strike
1-1: Swinging Strike
1-2: Strikes out swinging
Batting: RHB Alfredo Rodriguez 0-0: Ground out 6-3 (Groundball, 6, EV 83.8 MPH)
Batting: LHB Jose Lebron 0-0: Ball
1-0: Foul Ball, location: 2F
1-1: Ball
2-1: Swinging Strike
2-2: Strikes out swinging
Top of the 8th over - 0 runs, 0 hits, 0 errors, 0 left on base; Scranton WB 3 - Columbus 3
BOTTOM OF THE 8TH
Columbus Clippers batting - Pitching for Scranton WB RailRiders : LHP Ramon Escobedo
Batting: RHB Josh Hoeye 0-0: TRIPLE (Flyball, 78XD, EV 98.1 MPH)
Batting: RHB Eddie LaRose 0-0: Ball
1-0: Ball
2-0: Ball
3-0: Called Strike
3-1: Base on Balls
Batting: LHB Jim Keefe 0-0: Swinging Strike
0-1: Ball
1-1: Ball
Passed Ball!
Josh Hoeye scores
Eddie LaRose to second
2-1: Ball
3-1: Called Strike
3-2: Strikes out swinging
Batting: RHB Stephen Charbonneau 0-0: Intentional Walk
Batting: LHB Corey Trevor 0-0: SINGLE (Groundball, 4D, EV 98.1 MPH)
Eddie LaRose to third
Stephen Charbonneau to second
Runner from 3rd tries for Home, SAFE, throw by RF to home
Batting: LHB Robert Watson 0-0: Fly out, F7 (Line Drive, 7D, EV 102.5 MPH)
Now in LF: John Sabean
Batting: LHB Tyler Babbitt 0-0: Ball
1-0: Called Strike
1-1: Foul Ball, location: 2F
1-2: Ball
2-2: Ball
3-2: Fly out, F8 (Line Drive, 8RD, EV 95.6 MPH)
Bottom of the 8th over - 2 runs, 2 hits, 0 errors, 2 left on base; Scranton WB 3 - Columbus 5
TOP OF THE 9TH
Scranton WB RailRiders batting - Pitching for Columbus Clippers : RHP Kensaku Shiba
Pitching: RHP Chris Cohen
Batting: RHB John Sabean 0-0: Ball
1-0: Ball
2-0: SINGLE (Line Drive, 8RS, EV 85.6 MPH)
Batting: RHB Devon Utley 0-0: Ball
1-0: Foul Ball, location: 2F
1-1: Ball
2-1: Ball
3-1: Swinging Strike
3-2: Grounds into double play, 6-4-3 (Groundball, 6, EV 87.5 MPH)
Batting: LHB Paul Diaz 0-0: Called Strike
0-1: Called Strike
0-2: Ground out 4-3 (Groundball, 34, EV 101.9 MPH)
Top of the 9th over - 0 runs, 1 hit, 0 errors, 0 left on base; Scranton WB 3 - Columbus 5
Tuesday, March 28th , 2023 - OOTP Baseball 23.10 Build 110